 Dungeon Crawl Stone Soup version 0.29.1-12-g30fa7ad0bf (webtiles) character file.

Game seed: 9467769443220564132

8 growler the Charlatan (level 2, 0/21 HPs)
             Began as a Demonspawn Wanderer on Jan 6, 2023.
             Slain by a jackal (2 damage)
             ... on level 1 of the Dungeon.
             The game lasted 00:00:53 (157 turns).

growler the Charlatan (Demonspawn Wanderer)          Turns: 157, Time: 00:00:54

Health: 0/21       AC:  2    Str: 10    XL:     2   Next: 0%
Magic:  2/2        EV: 11    Int: 12    God:
Gold:   0          SH:  4    Dex: 15    Spells: 1/1 levels left

rFire   . . .      SeeInvis .   a - +2 quarterstaff
rCold   . . .      Faith    .   (shield currently unavailable)
rNeg    . . .      Spirit   .   f - +0 robe
rPois   .          Reflect  .   (no helmet)
rElec   .          Harm     .   (no cloak)
rCorr   .          Rampage  .   (no gloves)
Will    .....                   (no boots)
Stlth   ++........              (no amulet)
HPRegen 0.07/turn               (no ring)
MPRegen 0.08/turn               (no ring)

@: no status effects
A: condensation shield
a: no special abilities


You were on level 1 of the Dungeon.
You visited 1 branch of the dungeon, and saw 1 of its levels.

Inventory:

Hand Weapons
 a - a +2 quarterstaff (weapon)
 d - a +0 dagger
Missiles
 c - 7 boomerangs (quivered)
Armour
 f - a +0 robe (worn)
Scrolls
 e - a scroll of fog
Potions
 b - a potion of lignification


   Skills:
 - Level 1.0 Fighting
 + Level 2.5 Staves
 - Level 2.6 Throwing
 - Level 1.0 Stealth
 - Level 3.0 Evocations


You had one spell level left.
You didn't know any spells.
Your spell library was empty.

Dungeon Overview and Level Annotations

Branches:
Dungeon (1/15)

Altars:


Innate Abilities, Weirdness & Mutations

A meltable shield of frost defends you. (SH +4)


Message History

The jackal bites you but does no damage.
You sock the jackal!
You kill the jackal!
The jackal bites you but does no damage.
You have reached level 2!
Your demonic ancestry asserts itself...
Frost condenses into a shield before you.
You completely miss the jackal. The jackal barely misses you.
The jackal bites you but does no damage.
The jackal closely misses you.
You hit the jackal.
The jackal is severely wounded.
The jackal bites you. The jackal closely misses you. The jackal bites you.
* * * LOW HITPOINT WARNING * * *
You are too injured to fight recklessly!
Unknown command.
You miss the jackal.
The jackal is severely wounded.
The jackal bites you.
* * * LOW HITPOINT WARNING * * *
The jackal barely misses you. The jackal completely misses you.
A hobgoblin comes into view.
Unknown command.
You closely miss the jackal.
The jackal is heavily wounded.
The jackal bites you.
* * * LOW HITPOINT WARNING * * *
The jackal misses you. The jackal completely misses you.
The jackal barely misses you.
Unknown command.
You hit the jackal.
The jackal is almost dead.
The jackal bites you.
* * * LOW HITPOINT WARNING * * *
You block the jackal's attack. The jackal closely misses you.
Unknown command.
You thump the jackal!
You kill the jackal!
The jackal bites you.
You die...

.# ###.# #.#.# ###.#.#
#+# #...#.# #.#
#.#.#.##### #.#
#.#.†h....# ###.#
#.#.@.#...#
#...######.........#
#.#............#....#
## #.########.#####
#### .###..## #..#
.#.....## .....
........# $......
..#####...........#####
### ###.....####...####


You could see a jackal.

Vanquished Creatures
  A ball python (D:1)
  A bat (D:1)
  A hobgoblin (D:1)
  2 jackals (D:1)
  A quokka (D:1)
  A frilled lizard (D:1)
  A rat (D:1)
8 creatures vanquished.

Notes
Turn   | Place    | Note
-------+----------+-------------------------------------------
     0 | D:1      | growler the Demonspawn Wanderer began the quest for the
                  | Orb.
     0 | D:1      | growler set off with the following items: a +2
                  | quarterstaff, a potion of lignification, 7 boomerangs, a +0
                  | dagger, a scroll of fog, a +0 robe.
     0 | D:1      | Reached XP level 1. HP: 15/15 MP: 1/1
   152 | D:1      | Gained mutation: A meltable shield of frost defends you.
                  | (SH +4) [demonic ancestry]
   152 | D:1      | Reached XP level 2. HP: 12/21 MP: 2/2
   157 | D:1      | Slain by a jackal

Illustrated notes

Levels and vault maps discovered:
D:1:      elethiomel_arrival_infinity_welcomes_careful_drivers, layout_basic,
          serial_shops, nicolae_lakefront_shop,
          hellmonk_ecumenical_altar_dog_temple

Skill      XL: |  1 |
---------------+----+-----
Staves         | 2 |  2.5
Fighting       | |  1.0
Throwing       | |  2.6
Stealth        | |  1.0
Evocations     | |  3.0

Action                   || total
-------------------------++-------
Melee: Quarterstaff      ||    21
 Stab: Sleeping          ||     1
Armor: Robe              ||     4
Dodge: Dodged            ||    21
Block: Other             ||     1
